 Dungeon Crawl Stone Soup version 0.30-a0-782-ge64f9170bb (webtiles) character file.

Game seed: 7986181020475406101

6685 balikka the Geomancer (level 11, -1/60 HPs)
             Began as a Gargoyle Earth Elementalist on Feb 24, 2023.
             Was a Believer of Vehumet.
             Slain by a chaos spawn (6 damage)
             ... led by Pikel
             ... on level 8 of the Dungeon.
             The game lasted 00:28:39 (9005 turns).

balikka the Geomancer (Gargoyle Earth Elementalist) Turns: 9005, Time: 00:28:40

Health: -1/60      AC: 14    Str: 13    XL:     11   Next: 3%
Magic:  24/25      EV: 22    Int: 19    God:    Vehumet [**....]
Gold:   533        SH:  0    Dex: 10    Spells: 22/30 levels left

rFire   . . .      SeeInvis .    f - +1 sling (flame)
rCold   . . .      Faith    .    (no shield)
rNeg    + . .      Spirit   .    a - +0 robe
rPois   ∞          Reflect  .    p - +0 helmet
rElec   +          Harm     .    Q - +0 cloak
rCorr   .          Rampage  .    E - +0 pair of gloves
Will    .....                    k - +0 pair of boots {Fly}
Stlth   ++                       (no amulet)
HPRegen 0.30/turn                t - +5 ring of evasion
MPRegen 0.19/turn                u - +5 ring of evasion

@: flying, studying Stealth
A: sickness immunity, AC +8, negative energy resistance 1, electricity
resistance, torment resistance 1, petrification resistance
a: Renounce Religion


You were on level 8 of the Dungeon.
You worshipped Vehumet.
Vehumet was pleased with you.
You visited 2 branches of the dungeon, and saw 10 of its levels.

You collected 533 gold pieces.

Inventory:

Hand Weapons
 f - a +1 sling of flaming (weapon)
 l - a +0 dagger
Missiles
 h - 129 stones
Armour
 a - a +0 robe (worn)
 k - a +0 pair of boots of flying (worn)
 p - a +0 helmet (worn)
 E - a +0 pair of gloves (worn)
 Q - a +0 cloak (worn)
Jewellery
 t - a +5 ring of evasion (left hand)
 u - a +5 ring of evasion (right hand)
 A - a ring of fire
 N - a ring of resist corrosion
 O - a ring of protection from cold
 P - a ring of protection from fire
Wands
 y - a wand of polymorph (18)
 H - a wand of digging (3)
 L - a wand of charming (1)
 M - a wand of flame (34)
 S - a wand of quicksilver (1)
Scrolls
 e - 2 scrolls of immolation {unknown}
 j - 3 scrolls of vulnerability {unknown}
 m - 3 scrolls of fear {unknown}
 n - 2 scrolls of noise {unknown}
 o - 5 scrolls of identify {unknown}
 q - 3 scrolls of acquirement {unknown}
 v - 5 scrolls of poison {unknown}
 x - 2 scrolls of teleportation
 B - 2 scrolls of enchant armour {unknown}
 C - a scroll of amnesia {unknown}
 D - 2 scrolls of blinking {unknown}
 K - a scroll of enchant weapon {unknown}
 R - a scroll of fog {unknown}
Potions
 b - a potion of magic
 c - a potion of brilliance {unknown}
 d - a potion of flight {unknown}
 g - 2 potions of mutation {unknown}
 i - 2 potions of lignification {unknown}
 r - 2 potions of might {unknown}
 s - 6 potions of curing
 w - a potion of berserk rage {unknown}
 z - 3 potions of heal wounds {unknown}
 F - 3 potions of attraction {unknown}
 G - a potion of invisibility {unknown}
 I - 2 potions of ambrosia {unknown}
 J - a potion of cancellation {unknown}


   Skills:
 + Level 3.6 Fighting
 + Level 3.5 Dodging
 + Level 4.7 Stealth
 + Level 10.2 Spellcasting
 + Level 0.5 Conjurations
 + Level 1.1 Transmutations
 + Level 13.2 Earth Magic


You had 22 spell levels left.
You knew the following spells:

 Your Spells              Type           Power      Damage    Failure   Level
a - Sandblast             Erth           100%       2d20      1%          1
b - Petrify               Tmut/Erth      37%        N/A       3%          4
c - Stone Arrow           Conj/Erth      72%        3d11      1%          3

Your spell library contained the following spells:

 Spells                   Type           Power      Damage    Failure   Level
 Shock                    Conj/Air       40%        1d5       6%          1
 Passwall                 Tmut/Erth      30%        N/A       1%          2
 Leda's Liquefaction      Hex/Erth       17%        N/A       4%          4
 Magic Dart               Conj           44%        1d5       6%          1
 Apportation              Tloc           18%        N/A       8%          1
 Call Imp                 Summ           9%         N/A       11%         2
 Lesser Beckoning         Tloc           18%        N/A       11%         2
 Mephitic Cloud           Conj/Pois/Air  10%        N/A       21%         3
 Call Canine Familiar     Summ           9%         N/A       22%         3
 Gell's Gravitas          Tloc           9%         N/A       22%         3
 Portal Projectile        Hex/Tloc       18%        N/A       22%         3
 Teleport Other           Tloc           9%         N/A       22%         3
 Alistair's Intoxication  Tmut/Pois      7%         N/A       85%         5


Dungeon Overview and Level Annotations

Branches:
Dungeon (9/15)             Temple (1/1) D:6            Lair (0/5) D:8
    Orc: D:9-12

Altars:
Ashenzari
Cheibriados
Dithmenos
Elyvilon
Fedhas
Gozag
Hepliaklqana
Kikubaaqudgha
Makhleb
Nemelex Xobeh
Okawaru
Qazlal
Ru
Trog
Vehumet
Wu Jian
Xom
Yredelemnul
Zin
The Shining One

Shops:
D:8 (

Annotations:
D:6 3 runed translucent doors, pener's ghost, novice MiHu
D:7 2 transporters, fly's ghost, novice DgDe
D:9 Grum


Innate Abilities, Weirdness & Mutations

You are immune to sickness and miasma.
Your stone body is resilient. (AC +8)
You are immune to poison.
You resist negative energy. (rN+)
You are resistant to electric shocks. (rElec)
You are resistant to unholy torment.
You are immune to petrification.


Message History

You feel your power returning.
The centaur shoots an arrow.
The arrow hits you.
The orc warrior completely misses you. x2; The centaur shoots an arrow.
The arrow completely misses you.
Casting: Sandblast (safe; 1% risk of failure)
Confirm with . or Enter, or press ? or * to list all spells.
Aiming: Sandblast (safe; 1% risk of failure)
Press: ? - help, Shift-Dir - straight line, f - centaur
Aim: a centaur, wielding a +0 shortbow and quivering stones (91% to hit)
The blast of sand hits the centaur!
The centaur is severely wounded.
The centaur shoots an arrow.
The arrow hits you.
The orc warrior hits you but does no damage.
The lemure closely misses you.
The centaur shoots an arrow.
The arrow hits you!
* * * LOW HITPOINT WARNING * * *
The centaur shoots an arrow.
The arrow completely misses you. Something closely misses you.
The orc warrior hits you from afar with a +0 halberd!
* * * LOW HITPOINT WARNING * * *
The lemure misses you.
You fly upwards.
Reactivating autopickup.
There is a stone staircase leading down here.
Aiming: Polymorph
Press: ? - help, Shift-Dir - straight line, f - lemure
Aim: a lemure (will become a quasit, a chaos spawn, or a neqoxec, chance to affect: 49%)
The lemure resists with some effort.
The lemure hits you but does no damage.
Aiming: Polymorph
Press: ? - help, Shift-Dir - straight line, f/p - lemure
Aim: a lemure (will become a quasit, a chaos spawn, or a neqoxec, chance to affect: 49%)
The lemure evaporates and reforms as a chaos spawn!
The chaos spawn barely misses you.
Casting: Sandblast (safe; 1% risk of failure)
Confirm with . or Enter, or press ? or * to list all spells.
Aiming: Sandblast (safe; 1% risk of failure)
Press: ? - help, Shift-Dir - straight line, f/p - chaos spawn
Aim: a chaos spawn (82% to hit)
The blast of sand hits the chaos spawn!
The chaos spawn is heavily wounded.
The chaos spawn gores you.
You die...

##### ##...# #### #....# ##..##
#..>.# ####....# #...##
..##....###### ##...#
..#.......#..######....#
.............)>##4.....#
.....#######...[@...#..## .....##
##..)...##...###
......######........###.#.##
#.....#....................#
###...###.............##...#
##.....##............##...#######
#....P..#.....##.##.##....##....#
#..P....#.....#####.#...#........
................##.....###....<..


You could see a chaos spawn.

Vanquished Creatures
  2 two-headed ogres
  An elephant (D:7)
  Joseph (D:7)
  Prince Ribbit (D:5)
  A wyvern (D:8)
  Menkaure (D:7)
  An acid dragon (D:9)
  A water moccasin (D:5)
  Duvessa (D:7)
  2 black bears (D:8)
  2 ice beasts (D:5)
  A sky beast (D:7)
  2 orc warriors
  4 wolves (D:9)
  2 ogres
  2 centaurs
  2 phantoms
  2 gnoll sergeants
  A kobold brigand (D:6)
  2 bullfrogs
  3 necrophages
  6 scorpions
  10 wights
  Dowan (D:7)
  6 killer bees (D:9)
  2 howler monkeys (D:8)
  An electric eel (D:6)
  A crimson imp (D:3)
  3 hounds
  A jelly (D:6)
  A gnoll bouda (D:6)
  4 orc priests
  Crazy Yiuf (D:7)
  Jessica (D:3)
  4 iguanas
  4 orc wizards
  Robin (D:3)
  5 adders
  13 gnolls
  4 white imps
  An ufetubus (D:4)
  2 worms
  A dart slug (D:2)
  20 orcs
  8 ball pythons
  5 bats
  A bat zombie (D:3)
  8 endoplasms
  3 giant cockroaches (D:1)
  11 goblins
  7 hobgoblins
  7 jackals
  6 kobolds
  7 quokkas
  2 frilled lizards
  3 hobgoblin zombies (D:3)
  A kobold skeleton (D:3)
  An orc skeleton (D:3)
  2 orc zombies (D:3)
  9 rats
  2 rat zombies (D:3)
211 creatures vanquished.

Vanquished Creatures (others)
  2 fungi
  2 plants (D:8)
4 creatures vanquished.

Grand Total: 215 creatures vanquished

Notes
Turn   | Place    | Note
-------+----------+-------------------------------------------
     0 | D:1      | balikka the Gargoyle Earth Elementalist began the quest for
                  | the Orb.
     0 | D:1      | Reached XP level 1. HP: 10/10 MP: 3/3
   141 | D:1      | Reached skill level 4 in Earth Magic
   141 | D:1      | Reached XP level 2. HP: 15/15 MP: 0/5
   652 | D:1      | Reached XP level 3. HP: 19/19 MP: 3/6
  1064 | D:1      | Reached skill level 5 in Earth Magic
  1352 | D:2      | Reached XP level 4. HP: 24/24 MP: 3/7
  1800 | D:3      | Noticed Robin
  1832 | D:3      | Killed Robin
  1984 | D:3      | Found a faded altar of an unknown god.
  1985 | D:3      | Noticed Jessica
  1989 | D:3      | Killed Jessica
  1990 | D:3      | Reached XP level 5. HP: 28/28 MP: 7/9
  2034 | D:3      | Reached skill level 6 in Earth Magic
  2046 | D:3      | Learned a level 4 spell: Petrify
  2194 | D:3      | Found a glowing golden altar of the Shining One.
  2546 | D:3      | Found an ancient bone altar of Kikubaaqudgha.
  2782 | D:4      | Noticed an ogre
  2785 | D:4      | Killed an ogre
  2786 | D:4      | Reached XP level 6. HP: 22/33 MP: 6/11
  2850 | D:4      | Reached skill level 1 in Fighting
  2931 | D:4      | Reached skill level 7 in Earth Magic
  2934 | D:4      | Reached XP level 7. HP: 33/38 MP: 6/13
  3591 | D:4      | Reached skill level 5 in Spellcasting
  3915 | D:4      | Learned a level 3 spell: Stone Arrow
  4115 | D:5      | Entered Level 5 of the Dungeon
  4115 | D:5      | Noticed Prince Ribbit
  4118 | D:5      | Killed Prince Ribbit
  4119 | D:5      | Reached skill level 8 in Earth Magic
  4119 | D:5      | Reached XP level 8. HP: 44/44 MP: 5/16
  4631 | D:5      | Reached skill level 9 in Earth Magic
  4859 | D:5      | Found a blossoming altar of Fedhas.
  4868 | D:5      | Found a sacrificial altar of Ru.
  4949 | D:6      | Found a broken altar of Ashenzari.
  5149 | D:6      | Found a staircase to the Ecumenical Temple.
  5157 | D:6      | Found a glowing silver altar of Zin.
  5170 | Temple   | Entered the Ecumenical Temple
  5219 | Temple   | Became a worshipper of Vehumet
  5273 | D:6      | Reached XP level 9. HP: 48/48 MP: 12/19
  5458 | D:6      | Reached skill level 10 in Earth Magic
  5505 | D:6      | Found a white marble altar of Elyvilon.
  5505 | D:6      | Noticed a two-headed ogre
  5517 | D:6      | Killed a two-headed ogre
  5934 | D:6      | Found a runed translucent gate.
  5938 | D:6      | Found a runed translucent gate.
  5939 | D:6      | Found a runed translucent gate.
  5942 | D:6      | Noticed pener's ghost (novice MiHu)
  5982 | D:6      | Reached skill level 1 in Transmutations
  6495 | D:7      | Noticed Dowan
  6504 | D:7      | Killed Dowan
  6505 | D:7      | Reached skill level 11 in Earth Magic
  6506 | D:7      | Noticed Duvessa
  6517 | D:7      | Killed Duvessa
  6600 | D:7      | Found a hazy altar of Hepliaklqana.
  6710 | D:7      | Noticed Joseph
  6713 | D:7      | Killed Joseph
  6714 | D:7      | Reached XP level 10. HP: 54/54 MP: 18/22
  6762 | D:7      | Reached * piety under Vehumet
  6762 | D:7      | Offered knowledge of Foxfire by Vehumet.
  6823 | D:7      | Found an ornate altar of the Wu Jian Council.
  6879 | D:7      | Found a stormy altar of Qazlal.
  7124 | D:7      | Noticed a moth of wrath
  7131 | D:7      | Found a transporter.
  7135 | D:7      | Noticed fly's ghost (novice DgDe)
  7363 | D:7      | Found a transporter.
  7448 | D:7      | Noticed Menkaure
  7455 | D:7      | Killed Menkaure
  7456 | D:7      | Reached skill level 12 in Earth Magic
  7520 | D:7      | Found a runed translucent door.
  7521 | D:7      | Noticed Crazy Yiuf
  7528 | D:7      | Killed Crazy Yiuf
  7755 | D:8      | Noticed an elephant
  7767 | D:7      | Killed an elephant
  7846 | D:8      | Found a staircase to the Lair.
  7868 | D:8      | Found Ilach's Antique Weapon Shoppe.
  8110 | D:8      | Reached ** piety under Vehumet
  8111 | D:8      | Offered knowledge of Shock by Vehumet.
  8550 | D:9      | Noticed Grum
  8558 | D:9      | Noticed a two-headed ogre
  8577 | D:9      | Killed a two-headed ogre
  8578 | D:9      | Reached skill level 10 in Spellcasting
  8578 | D:9      | Reached skill level 13 in Earth Magic
  8581 | D:9      | HP: 1/56 [orc priest/divine providence (17)]
  8974 | D:9      | Reached XP level 11. HP: 60/60 MP: 25/25
  9005 | D:8      | Slain by a chaos spawn

Illustrated notes

Levels and vault maps discovered:
D:1:      erik_arrival_triangle_medium, layout_loops_cross, nicolae_hexahallways
D:2:      minmay_angry_zag, layout_basic, feat_on_display
D:3:      layout_basic, nicolae_tso_besieged_by_evil,
          lemuel_zombie_altar_kikubaaqudgha, ebering_ecumenical_altar_ruins,
          chequers_garden, chequers_serial_rivers_micro_e,
          ebering_dispersal_statue_hall, uniq_robin, uniq_jessica
D:4:      layout_basic, minmay_manual_moon
D:5:      layout_cave_pools, mainiacjoe_overflow_swirl, uniq_prince_ribbit1
D:6:      minmay_general_purpose_star, layout_loops_corners, elyvilon_altar_3,
          kennysheep_little_box, lemuel_crystal_altar,
          minmay_temple_entry_junction, gammafunk_ghost_necromancy,
          columned_hall_lemuel, kennysheep_generic_room_5
D:7:      layout_loops_cross, nicolae_wu_jian_immortal_techniques,
          old_standard_altar, lemuel_tele_altar,
          gammafunk_ghost_berserking_beasts, uniq_crazy_yiuf_cottage,
          uniq_menkaure, uniq_joseph, uniq_duvessa
D:8:      layout_cave_pools, david_lair_generic, serial_shops,
          nicolae_shop_behind_doors
D:9:      layout_rooms, nicolae_uskayaw_dance_hall, tgw_sif, uniq_erolcha,
          uniq_grum, uniq_pikel
Temple:   zaba_magenta_temple

Skill      XL: |  1  2  3  4  5  6  7  8  9 10 |
---------------+-------------------------------+-----
Earth Magic    | 4 5 6 7 8 9 11 13 | 13.2
Spellcasting   | 3 4 5 6 8 10 | 10.2
Fighting       | 1 2 3 |  3.6
Dodging        | 2 3 |  3.5
Stealth        | 3 4 |  4.7
Transmutations | 1 |  1.1
Conjurations   | |  0.5

Action                     |  1- 3 |  4- 6 |  7- 9 | 10-12 || total
---------------------------+-------+-------+-------+-------++-------
  Melee: Unarmed           |     6 |       |       |       ||     6
         Dagger            |       |    10 |       |       ||    10
         Sling             |       |       |       |     1 ||     1
   Fire: Sling             |    12 |    48 |    69 |    69 ||   198
   Cast: Sandblast         |    37 |    54 |   129 |   120 ||   340
         Stone Arrow       |       |       |     8 |       ||     8
         Petrify           |       |       |     1 |     1 ||     2
  Evoke: Wand              |       |       |       |     2 ||     2
    Use: Scroll            |       |     1 |       |       ||     1
 Armour: Robe              |     5 |    28 |    14 |    18 ||    65
  Dodge: Dodged            |    21 |    36 |    80 |   152 ||   289

Table legend: (Time is in decaauts)
 A = Elapsed time spent in this place.
 B = Non-inter-level travel time spent in this place.
 C = Inter-level travel time spent in this place.
 D = Time resting spent in this place.
 E = Time spent auto-exploring this place.
 F = Levels seen in this place.
 G = Mean time per level.
                   A        B        C        D        E       F      G
               +--------+--------+--------+--------+--------+-----+--------+
         Total |   9254 |   8917 |    337 |    625 |   6822 |  10 |  925.4 |
       Dungeon |   9177 |   8858 |    319 |    625 |   6774 |   9 | 1019.7 |
        Temple |     76 |     58 |     18 |      0 |     48 |   1 |   76.0 |
               +--------+--------+--------+--------+--------+-----+--------+

Top non-repeatable levels by time:
     D:6: 1459 daAuts
     D:7: 1452 daAuts
     D:4: 1348 daAuts
     D:1: 1188 daAuts
     D:8: 1165 daAuts
     D:3: 1030 daAuts
     D:5: 798 daAuts
     D:2: 636 daAuts
     D:9: 97 daAuts
  Temple: 76 daAuts
